 Dungeon Crawl Stone Soup version 0.25.0 (webtiles) character file.

Game seed: 14088202649485134357

681 dorian the Chopper (level 7, 0/41 HPs)
             Began as a Gargoyle Fighter on June 12, 2020.
             Killed by nerve-wracking pain
             ... invoked by an orc priest
              (5 damage)
             ... on level 6 of the Dungeon.
             The game lasted 00:06:44 (4168 turns).

dorian the Chopper (Gargoyle Fighter)               Turns: 4168, Time: 00:06:45

Health: 0/41       AC: 14    Str: 22    XL:     7   Next: 61%
Magic:  7/7        EV: 11    Int:  8    God:
Gold:   253        SH: 10    Dex:  9    Spells: 6/6 levels left

rFire    . . .     SeeInvis .   a - +0 war axe
rCold    . . .     Gourm    .   c - +0 kite shield
rNeg     + . .     Faith    .   b - +0 scale mail
rPois    ∞         Spirit   .   (no helmet)
rElec    +         Reflect  .   (no cloak)
rCorr    +         Harm     .   F - +1 pair of gloves
MR       .....                  (no boots)
Stlth    ..........             e - amulet of regeneration
HPRegen  0.53/turn              t - +4 ring of evasion
MPRegen  0.10/turn              o - ring of resist corrosion

@: no status effects
A: negative energy resistance 1, electricity resistance, unbreathing,
petrification resistance, rot immunity, AC +4
a: no special abilities


You were on level 6 of the Dungeon.
You were very hungry.

You visited 1 branch of the dungeon, and saw 6 of its levels.

You collected 253 gold pieces.

Inventory:

Hand Weapons
 a - a +0 war axe (weapon)
Armour
 b - a +0 scale mail (worn)
 c - a +0 kite shield (worn)
 F - a +1 pair of gloves (worn)
Jewellery
 e - an amulet of regeneration (around neck)
 h - an uncursed ring of protection from cold
 o - a ring of resist corrosion (right hand)
 t - a +4 ring of evasion (left hand)
 z - a cursed -4 ring of evasion
 D - an uncursed ring of ice {unknown}
Scrolls
 i - 2 scrolls of amnesia {unknown}
 j - 2 scrolls of fear {unknown}
 m - 4 scrolls of remove curse {unknown}
 r - a scroll of enchant armour {unknown}
 s - 2 scrolls of magic mapping {unknown}
 u - a scroll of immolation {unknown}
 v - a scroll of enchant weapon {unknown}
 w - a scroll of teleportation {unknown}
 y - a scroll of fog {unknown}
 B - 3 scrolls of identify {unknown}
 C - a scroll of random uselessness {unknown}
 E - 2 scrolls of noise {unknown}
Potions
 d - a potion of might
 g - 4 potions of brilliance {unknown}
 k - a potion of curing {unknown}
 l - 2 potions of lignification {unknown}
 n - 2 potions of resistance {unknown}
 p - a potion of flight {unknown}
 q - 2 potions of degeneration {unknown}
 x - 2 potions of cancellation {unknown}
 A - 2 potions of heal wounds {unknown}
 G - a potion of haste {unknown}
Comestibles
 f - 11 rations


   Skills:
 - Level 3.2 Fighting
 * Level 5.5 Axes
 + Level 5.4 Armour
 + Level 5.4 Shields


You had 6 spell levels left.
You didn't know any spells.
Your spell library was empty.

Dungeon Overview and Level Annotations

Branches:
Dungeon (6/15)
 Temple: D:4-7

Altars:
Gozag
Kikubaaqudgha
Makhleb
Ru

Shops:
D:4 =

Annotations:
D:5 2 transporters, Raspi's ghost, novice MfGl


Innate Abilities, Weirdness & Mutations

You are resistant to torment.
Your stone body is resilient. (AC +4)
You are immune to poison.
You resist negative energy. (rN+)
You are resistant to electric shocks. (rElec)
You can survive without breathing.
You are immune to petrification.
You are immune to rotting.


Message History

You kill the orc priest!
You slash the quokka!
You kill the quokka!
You hit the orc priest. You closely miss the orc warrior.
You block the orc warrior's attack.
The orc priest invokes the aid of Beogh against you.
You struggle to resist.
You completely miss the orc priest.
The orc priest is almost dead.
You barely miss the orc warrior.
The orc warrior hits you with a +0 mace.
* * * LOW HITPOINT WARNING * * *
The orc priest hits you but does no damage.
Unknown command.
You closely miss the orc priest.
The orc priest is almost dead.
You hit the orc warrior.
The orc priest calls down the wrath of Beogh upon you.
Pain shoots through your body!
You die...

.###..#..............##
##..## ##
##................##
##..#
#.................#
#..##
#.................#
##..#
#.................#
#..##
#.................#
##..#
#............?...##
#...
#..........o†).#####
#...
#.........oo@......#
#..... ....####.####.#
#....... .... ....
##...... .. ......#
##..... .......# ##....
...._..... #....
.#.......#.#
#.#.......#..


You could see an orc warrior, an orc priest and an orc.

Vanquished Creatures
  An ice beast (D:6)
  An ogre (D:5)
  Dowan (D:5)
  A scorpion (D:6)
  A crimson imp (D:5)
  3 hounds (D:5)
  An orc priest (D:6)
  An orc wizard (D:5)
  3 worker ants
  A howler monkey zombie (D:6)
  3 gnolls (D:3)
  3 adders
  A shadow imp (D:5)
  An ooze (D:1)
  2 worms (D:5)
  A dart slug (D:2)
  5 leopard geckos
  5 orcs
  5 giant cockroaches
  6 goblins
  5 hobgoblins (D:1)
  2 jackals (D:1)
  3 quokkas
  2 ball pythons
  8 bats
  6 frilled lizards
  5 kobolds
  9 rats
86 creatures vanquished.

Notes
Turn   | Place    | Note
-------+----------+-------------------------------------------
     0 | D:1      | dorian the Gargoyle Fighter began the quest for the Orb.
     0 | D:1      | Reached XP level 1. HP: 14/14 MP: 1/1
   277 | D:1      | Reached XP level 2. HP: 17/19 MP: 2/2
   535 | D:1      | Reached XP level 3. HP: 19/23 MP: 3/3
  1397 | D:2      | Reached XP level 4. HP: 21/28 MP: 4/4
  1895 | D:3      | Found a sacrificial altar of Ru.
  2148 | D:3      | Reached XP level 5. HP: 32/32 MP: 5/5
  2584 | D:4      | Found an ancient bone altar of Kikubaaqudgha.
  2886 | D:4      | Found Jeedgh's Jewellery Emporium.
  2918 | D:5      | Entered Level 5 of the Dungeon
  3074 | D:5      | Reached XP level 6. HP: 37/37 MP: 6/6
  3095 | D:5      | Noticed Dowan
  3193 | D:5      | Killed Dowan
  3225 | D:5      | Found an opulent altar of Gozag.
  3277 | D:5      | Noticed Raspi's ghost (novice MfGl)
  3303 | D:5      | Found a transporter.
  3307 | D:5      | Found a transporter.
  3502 | D:5      | Reached skill level 5 in Armour
  3502 | D:5      | Reached skill level 5 in Shields
  3571 | D:5      | Reached XP level 7. HP: 41/41 MP: 7/7
  3632 | D:5      | Reached skill level 5 in Axes
  4148 | D:6      | Found a burning altar of Makhleb.
  4168 | D:6      | Killed from afar by an orc priest

Illustrated notes

Levels and vault maps discovered:
D:1:      tarquinn_simple_flora_water_b, layout_basic, minmay_pentomino_s2
D:2:      layout_basic
D:3:      layout_rooms, overflow_temple_1_default, kennysheep_generic_room_11
D:4:      layout_loops_ring, overflow_temple_1_default, serial_shops,
          nicolae_shop_stone
D:5:      layout_loops_ring, portal_sewer_entry_b, gammafunk_ghost_hive,
          first_ration, grunt_gozag_breadcrumbs, uniq_duvessa
D:6:      layout_cave_pods, old_standard_altar, serial_glass, glass_columns_c,
          glass_columns_a, uniq_maggie

Skill      XL: |  1  2  3  4  5  6  7 |
---------------+----------------------+-----
Axes           | 2 3 4 5 |  5.5
Armour         | 4 5 |  5.4
Shields        | 4 5 |  5.4
Fighting       | |  3.2

Action                   |  1- 3 |  4- 6 |  7- 9 || total
-------------------------+-------+-------+-------++-------
Melee: War axe           |   156 |   193 |    51 ||   400
  Eat: Chunk             |     2 |     7 |     1 ||    10
Armor: Scale mail        |   101 |    81 |    17 ||   199
Dodge: Dodged            |    53 |    95 |    30 ||   178
Block: Kite shield       |    95 |   107 |    39 ||   241
